 Dungeon Crawl Stone Soup version 0.23.0 (webtiles) character file.

Game seed: 14075646892715791467

135 Borgoz the Chopper (level 5, -1/32 HPs)
             Began as a Gargoyle Gladiator on Feb 9, 2019.
             Slain by a sky beast (3 damage)
             ... on level 3 of the Dungeon.
             The game lasted 00:02:52 (1797 turns).

Borgoz the Chopper (Gargoyle Gladiator)             Turns: 1797, Time: 00:02:53

Health: -1/32      AC:  8    Str: 17    XL:     5   Next: 18%
Magic:  5/5        EV: 12    Int:  9    God:
Gold:   173        SH:  0    Dex: 12    Spells: 4/4 levels left

rFire    . . .     SeeInvis .   a - +0 war axe
rCold    . . .     Gourm    .   (no shield)
rNeg     + . .     Faith    .   b - +0 leather armour
rPois    ∞         Spirit   .   c - +0 helmet
rElec    +         Reflect  .   (no cloak)
rCorr    .         Harm     .   (no gloves)
MR       .....                  (no boots)
Stlth    +.........             (no amulet)
HPRegen  0.10/turn              (no ring)
MPRegen  0.09/turn              (no ring)

@: flying
A: negative energy resistance 1, electricity resistance, unbreathing,
petrification resistance, rot immunity, AC +4
a: no special abilities


You were on level 3 of the Dungeon.
You were not hungry.

You visited 1 branch of the dungeon, and saw 3 of its levels.

You collected 173 gold pieces.

Inventory:

Hand Weapons
 a - a +0 war axe (weapon)
Missiles
 d - 3 throwing nets (quivered)
 j - 4 tomahawks
Armour
 b - a +0 leather armour (worn)
 c - a +0 helmet (worn)
Jewellery
 i - a +3 ring of intelligence {unknown}
Wands
 n - a wand of paralysis (3)
Scrolls
 e - 4 scrolls of teleportation {unknown}
 g - a scroll of blinking {unknown}
 h - 2 scrolls of identify {unknown}
 k - 2 scrolls of immolation {unknown}
 o - a scroll of remove curse {unknown}
Comestibles
 f - 7 rations


   Skills:
 + Level 3.3 Fighting
 + Level 3.4 Axes
 - Level 1.7 Throwing
 + Level 2.3 Armour
 + Level 3.1 Dodging


You had 4 spell levels left.
You didn't know any spells.
Your spell library was empty.

Dungeon Overview and Level Annotations

Branches:
Dungeon (3/15)

Altars:
Okawaru
Qazlal
Ru


Innate Abilities, Weirdness & Mutations

You are resistant to torment.
Your stone body is resilient. (AC +4)
You are immune to poison.
You resist negative energy. (rN+)
You are resistant to electric shocks. (rElec)
You can survive without breathing.
You are immune to petrification.
You are immune to rotting.


Message History

You barely miss something. Something hits you but does no damage.
You closely miss something. Something hits you but does no damage.
You miss something. Something barely misses you. Something hits you.
Something shocks you. You resist.
You closely miss something. Something hits you. Something shocks you.
You resist.
* * * LOW HITPOINT WARNING * * *
You hit something. Something hits you.
* * * LOW HITPOINT WARNING * * *
Something shocks you. You resist.
* * * LOW HITPOINT WARNING * * *
You barely miss something.
Something hits you but does no damage. x2
You miss something. Something hits you but does no damage.
You hit something but do no damage. Something hits you but does no damage.
You closely miss something. Something hits you.
* * * LOW HITPOINT WARNING * * *
Something shocks you. You resist.
* * * LOW HITPOINT WARNING * * *
Something hits you.
You die...

#.......##........#
#.......####§§§§§§#
###...### #§§§§§§##
##.## ##.§§...##
#<# ## ###§§...#
#.##.## ##.......
#.#...####........
#{.......+........
#@#...####........
#.##.## ##.......
... ..# ##....(#
##.## .# ##...##
#.# .# ##'### #.. #
#.# # ##. #.# .
##.### ##.....


There were no monsters in sight!

Vanquished Creatures
  A hound zombie (D:3)
  3 adders
  2 adder zombies (D:3)
  An ooze (D:1)
  An adder skeleton (D:3)
  A worm (D:2)
  3 dart slugs
  2 leopard geckos
  4 orcs (D:3)
  6 bats
  2 giant cockroaches
  8 goblins
  6 hobgoblins
  4 jackals (D:2)
  2 quokkas (D:2)
  11 frilled lizards
  7 kobolds
  A quokka zombie (D:3)
  2 rats (D:1)
67 creatures vanquished.

Notes
Turn   | Place    | Note
-------+----------+-------------------------------------------
     0 | D:1      | Borgoz the Gargoyle Gladiator began the quest for the Orb.
     0 | D:1      | Reached XP level 1. HP: 12/12 MP: 1/1
   155 | D:1      | Reached XP level 2. HP: 18/18 MP: 2/2
   218 | D:1      | Reached skill level 1 in Armour
   327 | D:1      | Reached XP level 3. HP: 16/22 MP: 3/3
   798 | D:2      | Found an iron altar of Okawaru.
   798 | D:2      | Found a sacrificial altar of Ru.
   823 | D:2      | Found a stormy altar of Qazlal.
   890 | D:2      | Reached XP level 4. HP: 21/27 MP: 4/4
  1697 | D:3      | Reached XP level 5. HP: 27/32 MP: 5/5
  1761 | D:3      | Noticed a sky beast
  1797 | D:3      | Slain by a sky beast

Skill      XL: |  1  2  3  4 |
---------------+-------------+-----
Armour         | 1 2 |  2.3
Axes           | 3 |  3.4
Fighting       | 3 |  3.3
Dodging        | 3 |  3.1
Throwing       | |  1.7

Action                   |  1- 3 |  4- 6 || total
-------------------------+-------+-------++-------
Melee: War axe           |   111 |   135 ||   246
  Use: Potion            |       |     2 ||     2
  Eat: Chunk             |       |     3 ||     3
Armor: Leather armour    |    51 |    63 ||   114
Dodge: Dodged            |    94 |   100 ||   194
